 Dungeon Crawl Stone Soup version 0.28.0-49-g6dfe1f597d (webtiles) character file.

Game seed: 17007775890293731382

173097 Labrat the Devastator (level 16, 0/139 HPs)
             Began as a Demigod Conjurer on May 9, 2022.
             Slain by a thrashing horror (3 damage)
             ... on level 4 of the Abyss on May 14, 2022.
             The game lasted 02:34:29 (47928 turns).

Labrat the Devastator (Demigod Conjurer)           Turns: 47928, Time: 02:34:29

Health: 0/139      AC: 10    Str:  8    XL:     16   Next: 87%
Magic:  15/51      EV: 16    Int: 40    God:
Gold:   2572       SH:  0    Dex: 12    Spells: 13/48 levels left

rFire   + . .      SeeInvis .   S - +9 whip of Insufficient Pleasure {vorpal, Contam rPois rF+ rN+++}
rCold   . . .      Faith    .   (no shield)
rNeg    + + +      Spirit   .   H - +0 steam dragon scales
rPois   +          Reflect  .   w - +0 helmet
rElec   .          Harm     .   k - +2 cloak
rCorr   .          Rampage  .   q - +0 pair of gloves
Will    +....                   (no boots)
Stlth   ++........              (no amulet)
HPRegen 0.33/turn               d - ring of magical power
MPRegen 0.32/turn               I - +4 ring of evasion

@: about to teleport, studying Axes
A: high MP 1, forlorn, divine attributes
a: no special abilities


You were on level 4 of the Abyss.
You visited 5 branches of the dungeon, and saw 27 of its levels.
You visited the Abyss 2 times.
You also visited: Bailey and Volcano.

You collected 2680 gold pieces.
You spent 108 gold pieces at shops.

Inventory:

Hand Weapons
 S - the +9 whip of Insufficient Pleasure (weapon) {vorpal, Contam rPois rF+ rN+++}
   (You took it off a gnoll on level 9 of the Dungeon)

   It inflicts extra damage upon your enemies.
   rF:        It protects you from fire.
   rPois:     It protects you from poison.
   rN:        It renders you almost immune to negative energy.
   Contam:    It causes magical contamination when unequipped.
Missiles
 h - 16 poisoned darts
 j - 2 silver javelins
 E - 2 throwing nets
 T - a curare-tipped dart
Armour
 k - a +2 cloak (worn)
 q - a +0 pair of gloves (worn)
 w - a +0 helmet (worn)
 H - +0 steam dragon scales (worn)
Jewellery
 d - a ring of magical power (left hand)
 z - the ring "Zakhlur" {rPois Will+}
   (You took it off a deep elf high priest on level 3 of the Elven Halls)

   [ring of willpower]

   rPois:     It protects you from poison.
   Will:      It increases your willpower.
 B - a ring of positive energy
 G - a ring of willpower
 I - a +4 ring of evasion (right hand)
 J - a ring of resist corrosion
 W - a ring of protection from cold
 Z - a ring of willpower
Wands
 a - a wand of acid (8)
 l - a wand of flame (46)
 y - a wand of mindburst (36)
 R - a wand of digging (24)
 V - a wand of iceblast (25)
 Y - a wand of paralysis (17)
Scrolls
 b - 4 scrolls of blinking
 c - a scroll of teleportation
 e - 7 scrolls of fog
 p - 3 scrolls of holy word
 x - a scroll of silence {unknown}
 A - 3 scrolls of fear
 C - 4 scrolls of summoning
 F - a scroll of acquirement {unknown}
 L - 3 scrolls of noise {unknown}
 O - 4 scrolls of magic mapping
 Q - 2 scrolls of amnesia {unknown}
Potions
 f - 4 potions of cancellation
 g - 6 potions of flight
 m - 2 potions of curing
 n - 9 potions of might
 o - 2 potions of magic {unknown}
 r - a potion of invisibility
 s - a potion of mutation {unknown}
 t - 8 potions of brilliance
 u - 4 potions of ambrosia {unknown}
 v - 7 potions of heal wounds
 D - a potion of haste
 K - 2 potions of resistance
 P - 3 potions of degeneration {unknown}
 X - 3 potions of berserk rage {unknown}
Miscellaneous
 i - a phial of floods


   Skills:
 - Level 12.0 Fighting
 - Level 1.7 Dodging
 - Level 1.7 Stealth
 + Level 16.8 Spellcasting
 + Level 17.1 Conjurations
 - Level 5.0 Summonings
 - Level 3.0 Translocations
 - Level 5.0 Air Magic
 - Level 3.0 Earth Magic
 - Level 2.0 Poison Magic
 - Level 8.0 Evocations


You had 13 spell levels left.
You knew the following spells:

 Your Spells              Type           Power      Damage    Failure   Level
a - Magic Dart            Conj           100%       1d8       0%          1
b - Searing Ray           Conj           100%       2d8       0%          2
c - Iskenderun's Mystic   Conj/Tloc      85%        2d17      1%          4
d - Freezing Cloud        Conj/Ice/Air   37%        6-21      1%          5
e - Mephitic Cloud        Conj/Pois/Air  78%        N/A       1%          3
f - Orb of Destruction    Conj           53%        9d13      1%          7
g - Iron Shot             Conj/Erth      42%        9d8       2%          6
h - Spellforged Servitor  Conj/Summ      44%        N/A       8%          7

Your spell library contained the following spells:

 Spells                   Type           Power      Damage    Failure   Level
 Animate Skeleton         Necr           66%        N/A       1%          1
 Apportation              Tloc           100%       N/A       1%          1
 Summon Small Mammal      Summ           100%       N/A       1%          1
 Call Imp                 Summ           65%        N/A       1%          2
 Scorch                   Fire           66%        2d8       1%          2
 Sublimation of Blood     Necr           33%        N/A       1%          2
 Call Canine Familiar     Summ           65%        N/A       1%          3
 Dazzling Flash           Conj/Hex       100%       N/A       1%          3
 Gell's Gravitas          Tloc           55%        N/A       1%          3
 Ignite Poison            Fire/Tmut/Pois 38%        N/A       1%          3
 Lesser Beckoning         Tloc           55%        N/A       1%          3
 Summon Guardian Golem    Hex/Summ       52%        N/A       1%          3
 Teleport Other           Tloc           55%        N/A       1%          3
 Animate Armour           Summ/Erth      100%       N/A       1%          4
 Flame Wave               Conj/Fire      80%        2d14      1%          4
 Fulminant Prism          Conj/Hex       40%        3d20      1%          4
 Irradiate                Conj/Tmut      40%        3d27      1%          5
 Passage of Golubria      Tloc           55%        N/A       2%          4
 Petrify                  Tmut/Erth      45%        N/A       4%          4
 Silence                  Hex/Air        26%        N/A       9%          5
 Summon Cactus Giant      Summ           32%        N/A       17%         6
 Blade Hands              Tmut           16%        N/A       24%         5
 Lehudib's Crystal Spear  Conj/Erth      42%        10d10     67%         8
 Summon Horrible Things   Summ           32%        N/A       100%        8


Dungeon Overview and Level Annotations

Branches:
Dungeon (15/15)            Temple (1/1) D:5            Lair (6/6) D:8
  Swamp (0/4) Lair:2        Snake (0/4) Lair:4        Slime (0/5) Lair:6
    Orc (2/2) D:10            Elf (3/3) Orc:2        Vaults (0/5) D:14
 Depths (0/4) D:15         Bailey (visited)         Volcano (visited)

Shops:
D:1 [   D:4 *   D:6 !   D:7 (   D:12 !**   D:14 [   Orc:1 ?   Orc:2 :[[*
Elf:1 :   Elf:3 :==

Annotations:
Elf:1 3 runed translucent doors, kalagan's ghost, journeyman DsCj
Elf:3 1 exclusion


Innate Abilities, Weirdness & Mutations

You have an increased reservoir of magic. (+10% MP)
You shall have no god before yourself.
Your divine heritage dramatically boosts your attributes as you level up.


Message History

You feel the power of the Abyss delaying your translocation!
The thrashing horror tramples you!
* * * LOW HITPOINT WARNING * * *
You hold your ground!
The thrashing horror tramples you.
* * * LOW HITPOINT WARNING * * *
You hold your ground!
The demonic crawler barely misses you.
The demonic crawler completely misses you.
The demonic crawler hits you.
* * * LOW HITPOINT WARNING * * *
Casting: Searing Ray (safe; 0% risk of failure)
Confirm with . or Enter, or press ? or * to list all spells.
You erupt in a blast of force!
The mystic blast hits the demonic crawler!
The demonic crawler is moderately wounded.
The demonic crawler is knocked back by the mystic blast.
The demonic crawler slams into the stone wall!
The demonic crawler is heavily wounded.
The mystic blast hits the thrashing horror!!
The thrashing horror is heavily damaged.
The thrashing horror is knocked back by the mystic blast.
The thrashing horror slams into the stone wall!
The thrashing horror is severely damaged.
You hear a screech!
The thrashing horror misses you.
The thrashing horror closely misses you.
You hear a horrible gurgling sound!
Unknown command.
Casting: Iskenderun's Mystic Blast (safe; 1% risk of failure)
Confirm with . or Enter, or press ? or * to list all spells.
You erupt in a blast of force!
The mystic blast hits the demonic crawler.
The demonic crawler is heavily wounded.
The demonic crawler is knocked back by the mystic blast.
The demonic crawler slams into the stone wall!
The demonic crawler is severely wounded.
The mystic blast hits the thrashing horror!
The thrashing horror is almost destroyed.
The thrashing horror is knocked back by the mystic blast.
The thrashing horror tramples you.
You die...

. ## .# . .##
.###.####. .#
#.. #.#. ....
#.###.##..##..#
#....#.#..#..##
#.##.....#..
...#.#X.##
##..#.#.s@.# #
##.#.....#### v
#..#..#.## v.#
#..#.## #.#..
##...## ..
..##.#..# #..
.##.. #
..###.####..
#.#.. ...##...


You could see a demonic crawler and a thrashing horror.

Vanquished Creatures
  3 deep elf blademasters
  A tentacled starspawn (Abyss:3)
  3 deep elf sorcerers
  Louise (D:14)
  A deep elf elementalist (Elf:3)
  A very ugly thing (Abyss:1)
  4 deep elf demonologists
  3 deep elf annihilators (Elf:3)
  A red draconian (Volcano)
  A dire elephant (Lair:6)
  5 deep elf death magi (Elf:3)
  A deep elf high priest (Elf:3)
  A great orb of eyes (D:15)
  11 hydras
  2 ogre magi (Orc:2)
  3 rakshasas
  7 boulder beetles
  13 two-headed ogres
  5 centaur warriors
  22 dancing weapons
  Urug (Lair:6)
  5 death yaks
  An iron troll (Orc:2)
  12 deep elf knights
  A wretched star (Abyss:2)
  A salamander mystic (Volcano)
  2 sixfirhies
  A glowing orange brain (Abyss:1)
  A deep troll (Orc:2)
  2 bog bodies (Lair:2)
  10 deep elf archers
  3 orc knights (Orc:1)
  34 deep elf zephyrmancers
  2 orc sorcerers (Orc:2)
  A mana viper (Abyss:2)
  24 deep elf pyromancers
  33 ugly things
  3 manticores
  8 cyclopes
  A will-o-the-wisp (Abyss:3)
  13 elephants
  6 salamanders (Volcano)
  4 black mambas
  2 smoke demons
  9 cane toads
  2 gargoyles (D:14)
  2 unseen horrors
  A black mamba (shapeshifter) (D:14)
  A kobold demonologist (D:9)
  Maggie (D:6)
  2 rime drakes
  9 komodo dragons
  A yaktaur (D:15)
  4 ancient zymes
  A freezing wraith (Abyss:2)
  12 polar bears
  15 trolls
  6 large abominations
  15 slime creatures
  A dream sheep (shapeshifter) (D:15)
  4 raiju (Lair:6)
  8 blink frogs
  5 starcursed masses (Abyss:1)
  3 water elementals
  3 shadows
  3 fire bats (Lair:3)
  3 small abominations
  3 wyverns
  A yak (shapeshifter) (D:14)
  2 vampires (D:12)
  6 spriggans (Bailey)
  44 yaks
  4 wraiths
  3 fire elementals
  2 vampire mosquitoes
  4 basilisks
  3 neqoxecs
  4 steam dragons
  2 swamp worms (Lair:2)
  4 wargs (Lair:6)
  Edmund (D:6)
  2 two-headed ogre zombies (D:10)
  13 hell hounds (Lair:6)
  3 nagas (Lair:4)
  3 acid dragons
  21 water moccasins
  15 orc warriors
  3 sky beasts
  28 ogres
  12 black bears
  An ice beast (D:8)
  33 wolves
  16 centaurs
  4 phantoms
  A kobold brigand (D:9)
  12 bullfrogs
  Blork the orc (D:6)
  An earth elemental (Elf:2)
  A wyvern zombie (D:9)
  A gnoll sergeant (D:9)
  A scorpion (Lair:2)
  2 water moccasin zombies
  A wyvern skeleton (D:6)
  A troll zombie (D:10)
  5 killer bees (D:7)
  4 wights (D:8)
  2 electric eels (Lair:2)
  5 howler monkeys (D:9)
  4 centaur zombies
  2 jellies (D:6)
  2 hounds
  10 orc priests
  2 gnoll shamans
  2 centaur skeletons
  An iron imp (Abyss:2)
  18 orc wizards
  A killer bee zombie (D:9)
  5 ogre zombies (D:10)
  2 hound skeletons (D:5)
  A howler monkey zombie (D:9)
  11 gnolls
  7 adders
  A shadow imp (D:8)
  3 white imps
  2 ufetubi
  A worm (D:3)
  A worm (shapeshifter) (D:14)
  2 dart slugs
  48 orcs
  5 endoplasms
  4 giant cockroaches
  11 goblins
  6 hobgoblins
  10 jackals
  5 quokkas
  7 ball pythons
  8 bats
  2 frilled lizards (D:3)
  A goblin skeleton (D:10)
  2 goblin zombies (D:10)
  A hobgoblin skeleton (D:10)
  A hobgoblin zombie (D:10)
  9 kobolds
  4 orc skeletons (D:10)
  16 orc zombies (D:10)
  2 rats
  A starspawn tentacle (Abyss:3)
867 creatures vanquished.

Vanquished Creatures (others)
  A raiju (Abyss:3)
  A bullfrog (Lair:4)
  24 fungi
  49 plants
  10 starspawn tentacles
85 creatures vanquished.

Grand Total: 952 creatures vanquished

Notes
Turn   | Place    | Note
-------+----------+-------------------------------------------
     0 | D:1      | Labrat the Demigod Conjurer began the quest for the Orb.
     0 | D:1      | Reached XP level 1. HP: 14/14 MP: 5/5
   385 | D:1      | Noticed a golden eye
   389 | D:1      | Noticed a shining eye
   389 | D:1      | Noticed a floating eye
   389 | D:1      | Noticed a golden eye
   394 | D:1      | Reached XP level 2. HP: 20/20 MP: 4/7
   495 | D:1      | Found Bantael's Armour Emporium.
   850 | D:1      | Reached skill level 4 in Conjurations
   917 | D:1      | Learned a level 2 spell: Searing Ray
  1273 | D:2      | Reached XP level 3. HP: 25/26 MP: 5/9
  2226 | D:3      | Reached XP level 4. HP: 32/33 MP: 5/11
  3371 | D:4      | Identified the +4 mace "Ekarph" {venom, Will+ rCorr Str+4}
  3393 | D:4      | Reached skill level 5 in Conjurations
  3393 | D:4      | Reached XP level 5. HP: 31/38 MP: 11/13
  3452 | D:4      | Found Atriwi's Assorted Antiques.
  3493 | D:4      | Bought a scroll labelled DOPENNA ZIBUCW for 25 gold pieces
  3918 | D:5      | Entered Level 5 of the Dungeon
  3941 | D:5      | Noticed a centaur
  3950 | D:5      | Killed a centaur
  3951 | D:5      | Reached XP level 6. HP: 26/45 MP: 9/16
  4064 | D:5      | Reached skill level 5 in Spellcasting
  4162 | D:5      | Reached skill level 1 in Fighting
  4301 | D:5      | Found a staircase to the Ecumenical Temple.
  4318 | Temple   | Entered the Ecumenical Temple
  4600 | D:5      | Reached XP level 7. HP: 57/57 MP: 12/17
  5410 | D:6      | Noticed Blork the orc
  5427 | D:6      | Killed Blork the orc
  5428 | D:6      | Reached skill level 5 in Fighting
  5433 | D:6      | Learned a level 4 spell: Iskenderun's Mystic Blast
  5676 | D:6      | Found Roleekil's Distillery.
  5714 | D:6      | Noticed Edmund
  5736 | D:6      | Killed Edmund
  5737 | D:6      | Reached skill level 1 in Translocations
  6137 | D:6      | Reached XP level 8. HP: 64/68 MP: 15/19
  6287 | D:6      | Noticed Maggie
  7201 | D:6      | Reached skill level 6 in Conjurations
  7379 | D:7      | Found Optiaw's Antique Weapon Boutique.
  8067 | D:7      | Reached skill level 7 in Conjurations
  8399 | D:7      | Reached XP level 9. HP: 69/74 MP: 17/23
  9191 | D:8      | Found a flagged portal.
  9220 | Bailey   | Entered a bailey
  9387 | Bailey   | Reached skill level 8 in Conjurations
  9459 | Bailey   | Identified the +2 hand axe "Mumor" {freeze, Will+ Dex+6}
  9731 | Bailey   | Noticed a two-headed ogre
  9746 | Bailey   | Killed a two-headed ogre
  9956 | D:8      | Reached XP level 10. HP: 49/86 MP: 26/26
 10108 | D:8      | Noticed a death yak
 10114 | D:8      | Noticed a death yak
 10121 | D:7      | Learned a level 3 spell: Mephitic Cloud
 10140 | D:8      | Noticed a death yak
 10144 | D:8      | Noticed a death yak
 10149 | D:8      | Noticed a death yak
 10182 | D:7      | Killed a death yak
 10183 | D:7      | Reached skill level 1 in Poison Magic
 10475 | D:8      | Killed a death yak
 10878 | D:7      | Killed a death yak
 11093 | D:7      | HP: 4/89 [death yak (22)]
 11473 | D:7      | Killed a death yak
 11474 | D:7      | Reached skill level 9 in Conjurations
 11642 | D:8      | Found a staircase to the Lair.
 12113 | D:8      | Killed a death yak
 12955 | D:9      | Reached XP level 11. HP: 95/95 MP: 28/28
 12956 | D:9      | Identified the +9 whip of Insufficient Pleasure {vorpal,
                  | Contam rPois rF+ rN+++}
 13436 | D:10     | Entered Level 10 of the Dungeon
 13837 | D:10     | Found a staircase to the Orcish Mines.
 14298 | D:10     | Reached skill level 10 in Conjurations
 15002 | D:11     | Identified the +3 scale mail of Midnight {+Inv MP-9 Dex+5}
 15079 | D:11     | Noticed a boulder beetle
 15101 | D:11     | Killed a boulder beetle
 16188 | D:6      | Killed Maggie
 16189 | D:6      | Reached skill level 10 in Fighting
 16189 | D:6      | Reached skill level 10 in Spellcasting
 16240 | Lair:1   | Entered Level 1 of the Lair of Beasts
 17537 | Lair:2   | Reached skill level 11 in Conjurations
 17739 | Lair:2   | Noticed a seven-headed hydra
 17739 | Lair:2   | Noticed a four-headed hydra
 17753 | Lair:2   | Killed a seven-headed hydra
 17754 | Lair:2   | Reached XP level 12. HP: 106/106 MP: 21/31
 17758 | Lair:2   | Killed a four-headed hydra
 19693 | Lair:2   | Reached skill level 12 in Conjurations
 19693 | Lair:2   | Reached skill level 1 in Air Magic
 19758 | Lair:2   | Found a staircase to the Swamp.
 20110 | Lair:3   | Found a dark tunnel.
 20120 | Volcano  | Entered a volcano
 20214 | Volcano  | Noticed a red draconian
 20312 | Volcano  | Learned a level 5 spell: Freezing Cloud
 20443 | Volcano  | Killed a red draconian
 20760 | Lair:3   | Reached skill level 5 in Air Magic
 20760 | Lair:3   | Reached skill level 1 in Evocations
 21570 | Lair:4   | Found a staircase to the Snake Pit.
 22168 | Lair:4   | Reached XP level 13. HP: 113/113 MP: 33/33
 22804 | Lair:5   | Reached skill level 5 in Evocations
 23564 | Lair:5   | Identified the +2 chain mail of Omojiam {rC+ Str+2 Int+2}
 23951 | Lair:6   | Entered Level 6 of the Lair of Beasts
 24364 | Lair:6   | Noticed Urug
 24383 | Lair:6   | Killed Urug
 24942 | Lair:6   | Noticed a dire elephant
 24961 | Lair:6   | Killed a dire elephant
 24972 | Lair:6   | Reached skill level 13 in Conjurations
 25901 | Lair:6   | Identified the +10 war axe of Resumed Hostilities {protect,
                  | rPois Int+4}
 26867 | Lair:6   | Found a staircase to the Slime Pits.
 27564 | D:12     | Reached XP level 14. HP: 98/121 MP: 29/36
 27574 | D:11     | Learned a level 7 spell: Orb of Destruction
 27845 | D:12     | Found Doamoutu's Distillery.
 28089 | D:12     | Reached skill level 14 in Conjurations
 28203 | D:12     | Found Ycutsux's Assorted Antiques.
 28323 | D:12     | Found Foifiagg's Assorted Antiques.
 28947 | Orc:1    | Entered Level 1 of the Orcish Mines
 29357 | Orc:1    | Found Taugem's Magic Scroll Emporium.
 29377 | Orc:1    | Bought a scroll of magic mapping for 38 gold pieces
 30404 | Orc:2    | Entered Level 2 of the Orcish Mines
 30672 | Orc:2    | Paralysed by an orc sorcerer for 6 turns
 31086 | Orc:2    | Found a staircase to the Elven Halls.
 31816 | Orc:2    | Reached skill level 15 in Conjurations
 31964 | Orc:1    | Upgraded the game from 0.28.0-47-ge53b351184 to
                  | 0.28.0-49-g6dfe1f597d
 32139 | Orc:2    | Found Gaid's Book Emporium.
 32153 | Orc:2    | Found Gutucoox's Antique Armour Shoppe.
 32157 | Orc:2    | Found Qazidezu's Armour Shop.
 32185 | Orc:2    | Found Zeseck's General Store.
 32298 | Orc:2    | Bought a scroll of fear for 45 gold pieces
 33057 | D:13     | Reached skill level 15 in Spellcasting
 35534 | D:14     | Reached XP level 15. HP: 130/130 MP: 1/39
 36475 | D:14     | Found a gate to the Vaults.
 36830 | D:14     | Found Los Xume's Armour Emporium.
 36839 | D:14     | Noticed Louise
 36866 | D:14     | Killed Louise
 37879 | D:15     | Entered Level 15 of the Dungeon
 38230 | D:15     | Paralysed by a great orb of eyes for 3 turns
 39326 | D:15     | Found a staircase to the Depths.
 39697 | Elf:1    | Entered Level 1 of the Elven Halls
 39915 | Elf:1    | Cast into level 1 of the Abyss (deep elf pyromancer)
 40167 | Abyss:1  | Noticed a tentacled starspawn
 40256 | Abyss:1  | Noticed an ancient lich
 40307 | Abyss:1  | Noticed a bone dragon
 40325 | Abyss:1  | HP: 1/132 [large abomination (21)]
 40566 | Elf:1    | Escaped the Abyss
 40942 | Elf:1    | Got Nippeox's Tome of the Escort
 40989 | Elf:1    | Found Ratuni Xuetz's Book Shop.
 41924 | Elf:1    | Found a runed translucent gate.
 41924 | Elf:1    | Found a runed translucent gate.
 41924 | Elf:1    | Found a runed translucent gate.
 41924 | Elf:1    | Noticed a deep elf blademaster
 41926 | Elf:1    | Noticed kalagan's ghost (journeyman DsCj)
 42052 | Elf:2    | Learned a level 6 spell: Iron Shot
 42196 | Elf:2    | Reached skill level 16 in Conjurations
 42261 | Elf:2    | Reached skill level 1 in Earth Magic
 42272 | Elf:2    | Reached XP level 16. HP: 91/139 MP: 28/41
 43058 | Elf:2    | Learned a level 7 spell: Spellforged Servitor
 43269 | Elf:2    | Found a runed translucent gate.
 43269 | Elf:2    | Found a runed translucent gate.
 43269 | Elf:2    | Found a runed translucent gate.
 43528 | Elf:2    | Noticed a deep elf blademaster
 43531 | Elf:2    | Reached skill level 1 in Summonings
 43542 | Elf:2    | Killed a deep elf blademaster
 44691 | Elf:3    | Entered Level 3 of the Elven Halls
 44691 | Elf:3    | Found a transporter.
 44694 | Elf:3    | Found a transporter.
 44718 | Elf:3    | Found a transporter.
 44720 | Elf:3    | Found a transporter.
 45449 | Elf:3    | Found a transporter.
 45455 | Elf:3    | Found a transporter.
 45487 | Elf:3    | Found Qoomun's Book Shoppe.
 45487 | Elf:3    | Found Iheomm's Jewellery Shop.
 45488 | Elf:3    | Found Hadghass's Jewellery Shop.
 46234 | Elf:3    | Noticed a deep elf blademaster
 46234 | Elf:3    | Identified the ring of Elulofem {Fire *Corrode +Blink
                  | Str+10 SInv}
 46237 | Elf:3    | Noticed a deep elf blademaster
 46248 | Elf:3    | Killed a deep elf blademaster
 46248 | Elf:3    | Killed a deep elf blademaster
 46252 | Elf:3    | Reached skill level 5 in Summonings
 46833 | Elf:3    | Reached skill level 17 in Conjurations
 46858 | Elf:3    | Identified the ring "Zakhlur" {rPois Will+}
 47090 | Elf:3    | Identified the +5 great sword of Destiny {freeze, *Noise
                  | Fly Str+3 Dex+2}
 47090 | Elf:3    | Identified the +3 leather armour of Nasesmy {rElec Int+6}
 47272 | Elf:3    | Noticed an Executioner
 47291 | Elf:3    | Cast into level 3 of the Abyss (a deep elf sorcerer)
 47647 | Abyss:3  | Noticed a tentacled starspawn
 47667 | Abyss:3  | Killed a tentacled starspawn
 47848 | Abyss:4  | HP: 4/139 [starcursed mass/accursed screaming (8)]
 47926 | Abyss:4  | HP: 2/139 [demonic crawler (6)]
 47928 | Abyss:4  | Slain by a thrashing horror

Illustrated notes

Levels and vault maps discovered:
D:1:      wander_arrival_chamber, layout_basic,
          hellmonk_ecumenical_altar_watching_god, serial_shops,
          nicolae_square_shop
D:2:      minmay_wonky_spiral, layout_rooms, basic_altar,
          grunt_decor_resistance, dk_vineyard_3
D:3:      layout_basic
D:4:      layout_basic, serial_shops, shop
D:5:      layout_basic, minmay_temple_entry_trees, kennysheep_donut,
          chequers_serial_rivers_room_a, nrook_mini_vaults,
          roderic_cross_of_infinity
D:6:      layout_loops_ring, serial_shops, nicolae_take_the_stairs,
          uniq_blork_the_orc, uniq_edmund, uniq_maggie
D:7:      cheibrodos_steamvent, layout_cave_pools,
          nicolae_qazlal_style_of_elements, serial_co_window_serial,
          co_window_paths_a, co_window_paths_a, co_window_of_opportunity_a,
          co_window_of_opportunity_a, co_window_paths_a, co_window_cross_1,
          co_window_paths_b, co_window_cross_3, co_window_broadway_a,
          co_window_2corner, co_window_corner_ca, co_window_broadway_c,
          co_window_corner_b, glass_columns_a, glass_columns_b, serial_shops,
          nicolae_shop_crystal
D:8:      layout_basic, dpeg_lair_monsters, enter_bailey_3, patterned_corridor
D:9:      layout_basic, kennysheep_generic_room_2
D:10:     layout_grid_maze, zombieorc2_lemuel
D:11:     layout_stronghold
D:12:     layout_basic, serial_shops, shop, nicolae_shop_statue_plus,
          nicolae_shop_trees, grunt_dithmenos_shadows
D:13:     layout_rooms, nrook_campfire
D:14:     layout_small_grid, david_vaults_2, serial_shops, nicolae_shop_trees,
          fiery_altar_vehumet, minmay_misc_feat_columns, grunt_ministairs_8,
          nicolae_sextant, uniq_louise
D:15:     gammafunk_enter_depths_forms, layout_cave_pools
Temple:   nicolae_temple_the_god_donut
Lair:1:   layout_chaotic_city
Lair:2:   layout_cave_pods, nicolae_swamp_entry_splash_gauntlet,
          nicolae_quartered_pool_super, st_stairs_7
Lair:3:   layout_cave_pods, gauntlet_entry_generic,
          nicolae_volcano_entry_batcave, grunt_megastairs_1, lemuel_fruit_tree,
          infiniplex_staircase_pool
Lair:4:   layout_gridlike, guppyfry_snake_entry_island, minivault_23
Lair:5:   layout_regular_city, grunt_megastairs_5
Lair:6:   hangedman_lair_caniforms_friends, layout_cave_pods,
          dpeg_slime_entry_enclosed_altar, grunt_megastairs_3, uniq_urug
Orc:1:    layout_diamond_mine, special_room [special_room_orc], serial_shops,
          shop_statue
Orc:2:    st_orc_open, layout_diamond_mine, basic_altar, mines_bat_river
Elf:1:    eino_elf_arrival_sip, layout_loops_cross,
          gammafunk_ghost_fury_of_okawaru, serial_shops,
          nicolae_shop_advertising_works [nicolae_subvault_shop_adworks],
          minmay_elf_demonology, drop_trap
Elf:2:    nicolae_elf_blades_splatter_lattice [nooodl_blade_entry_preview],
          layout_geoelf_grid
Elf:3:    elf_hall, layout_loops_cross, minmay_fountain_box,
          serial_nicolae_subway, nicolae_sub_station_crystal,
          nicolae_sub_station_stone, nicolae_sub_station_metal,
          minmay_shop_grove
Abyss:4:  base: D:4, evilmike_abyss_exit_12, minivault_1, minivault_1,
          evilmike_abyss_exit_16, evilmike_nicolae_abyss_rune_containment_curve

Skill      XL: |  1  2  3  4  5  6  7  8  9 10 11 12 13 14 15 16 |
---------------+-------------------------------------------------+-----
Spellcasting   | 2 3 4 5 6 8 9 10 12 13 15 16 | 16.8
Conjurations   | 4 5 7 8 9 11 12 13 15 16 17 | 17.1
Fighting       | 3 5 7 8 10 11 12 | 12.0
Translocations | 1 3 |  3.0
Poison Magic   | 2 |  2.0
Air Magic      | 5 |  5.0
Evocations     | 3 5 7 8 |  8.0
Earth Magic    | 1 3 |  3.0
Summonings     | 5 |  5.0
Dodging        | |  1.7
Stealth        | |  1.7

Action                   |  1- 3 |  4- 6 |  7- 9 | 10-12 | 13-15 | 16-18 || total
-------------------------+-------+-------+-------+-------+-------+-------++-------
Melee: Dagger            |    12 |     5 |       |       |       |       ||    17
       Mace              |       |    16 |    28 |   108 |       |       ||   152
       Punch             |       |       |       |     2 |     7 |     1 ||    10
       Whip              |       |       |       |    16 |   318 |    45 ||   379
Throw: Javelin           |       |       |     1 |     1 |       |       ||     2
       Dart              |       |       |       |       |     1 |       ||     1
 Cast: Magic Dart        |    69 |    70 |    49 |    69 |    94 |       ||   351
       Searing Ray       |     3 |     9 |    56 |    87 |   124 |    27 ||   306
       Iskenderun's Myst |       |       |    11 |   172 |   332 |    48 ||   563
       Mephitic Cloud    |       |       |       |     3 |    19 |     6 ||    28
       Freezing Cloud    |       |       |       |     8 |    52 |     5 ||    65
       Orb of Destructio |       |       |       |       |    78 |    21 ||    99
       Iron Shot         |       |       |       |       |     1 |    76 ||    77
Evoke: Wand              |       |       |     3 |     6 |     6 |     1 ||    16
       Phial of floods   |       |       |       |       |       |     1 ||     1
  Use: Scroll            |       |     7 |     1 |     4 |     9 |     2 ||    23
       Potion            |       |       |     1 |       |     4 |     2 ||     7
 Stab: Sleeping          |       |       |       |       |     1 |       ||     1
       Paralysed         |       |       |       |       |     4 |       ||     4
       Confused          |       |       |       |       |     1 |       ||     1
Armor: Robe              |     6 |    12 |    15 |       |       |       ||    33
       Steam dragon scal |       |       |    26 |    77 |   196 |    33 ||   332
Dodge: Dodged            |    13 |    29 |    97 |   230 |   452 |    79 ||   900
